 Dungeon Crawl Stone Soup version 0.26-a0-1101-g8f9f7f7418 (webtiles) character file.

Game seed: 17885986092445286487

10463 Ge0ff the Frost Mage (level 11, -9/75 HPs)
             Began as a Formicid Ice Elementalist on Dec 15, 2020.
             Was a Priest of Sif Muna.
             Mangled by an entropy weaver (14 damage)
             ... in a Gauntlet.
             The game lasted 00:41:24 (14273 turns).

Ge0ff the Frost Mage (Formicid Ice Elementalist)   Turns: 14273, Time: 00:41:24

Health: -9/75      AC:  1    Str: 13    XL:     11   Next: 93%
Magic:  1/20       EV: 14    Int: 18    God:    Sif Muna [***...]
Gold:   755        SH:  6    Dex: 23    Spells: 7/22 levels left

rFire    + . .     SeeInvis +   a - +4 quarterstaff (spect)
rCold    . . .     Faith    .   Q - +0 buckler
rNeg     . . .     Spirit   .   Z - +1 robe {rF+}
rPois    .         Reflect  .   (helmet unavailable)
rElec    .         Harm     .   B - +0 cloak
rCorr    .         Rampage  .   (no gloves)
Will     +....                  t - +0 pair of boots
Stlth    +++.......             (no amulet)
HPRegen  0.22/turn              T - +6 ring of dexterity
MPRegen  0.17/turn              R - +6 ring of dexterity {=R}

@: corroded, frozen ramparts
A: permanent stasis, dig shafts and tunnels, four strong arms, antennae 3
a: Dig, Shaft Self, Channel Magic, Forget Spell, Renounce Religion


You were in a Gauntlet.
You worshipped Sif Muna.
Sif Muna was most pleased with you.
You visited 1 branch of the dungeon, and saw 11 of its levels.
You also visited: Gauntlet.

You collected 845 gold pieces.
You spent 90 gold pieces at shops.

Inventory:

Hand Weapons
 a - a +4 spectral quarterstaff (weapon)
 b - a +2 spear of freezing
 w - a +0 dagger of draining
 D - a +1 whip of electrocution
 U - the +5 flail "Getieb" {vorpal, rF+}
   (You found it on level 9 of the Dungeon)

   It inflicts extra damage upon your enemies.
   It protects you from fire.
 V - a +0 lajatang of venom
Missiles
 c - 16 boomerangs (quivered)
 g - a throwing net {=f}
 h - 46 poisoned darts
Armour
 r - a +0 scale mail of cold resistance
 t - a +0 pair of boots (worn)
 B - a +0 cloak (worn)
 Q - a +0 buckler (worn)
 Z - a +1 robe of fire resistance (worn)
Jewellery
 I - an uncursed ring of willpower
 J - the ring "Rymn" {Fire Dex+6}
   (You found it on level 7 of the Dungeon)

   [ring of fire]

   It enhances your fire magic.
   It affects your dexterity (+6).
   It protects you from fire.
   It makes you vulnerable to cold.
 R - a +6 ring of dexterity (right hand) {=R}
 T - a +6 ring of dexterity (left hand)
 X - an uncursed ring of resist corrosion
Wands
 e - a wand of enslavement (9)
 f - a wand of flame (14)
 s - a wand of disintegration (19)
 x - a wand of random effects (46)
 P - a wand of polymorph (7)
Scrolls
 y - a scroll of immolation
 C - 5 scrolls of remove curse
 E - a scroll of amnesia
 F - 2 scrolls of fog
Potions
 o - 2 potions of ambrosia
 q - 6 potions of curing
 A - 2 potions of attraction
 G - a potion of mutation {!q}
 H - a potion of haste {unknown}
 K - a potion of invisibility {unknown}
 L - a potion of lignification
 M - a potion of might
 N - a potion of cancellation {!q}
 S - 2 potions of flight
 Y - a potion of degeneration {unknown}
Miscellaneous
 O - a box of beasts


   Skills:
 + Level 3.5 Fighting
 - Level 1.0(3.5) Polearms
 * Level 5.4(5.5) Staves
 + Level 3.8 Throwing
 + Level 1.8 Armour
 + Level 3.3 Dodging
 - Level 3.0 Stealth
 - Level 2.4 Shields
 + Level 6.4 Spellcasting
 - Level 7.0 Conjurations
 + Level 3.8 Summonings
 + Level 10.1 Ice Magic
 + Level 0.1 Air Magic
 + Level 1.0 Poison Magic
 + Level 4.7 Invocations
 + Level 5.4 Evocations


You had 7 spell levels left.
You knew the following spells:

 Your Spells              Type           Power        Failure   Level
f - Mephitic Cloud        Conj/Pois/Air  ###.....     11%         3
k - Freeze                Ice            ####         1%          1
s - Summon Ice Beast      Ice/Summ       ####....     6%          4
C - Frozen Ramparts       Ice            #####.       1%          3
E - Hailstorm             Conj/Ice       #####...     3%          4

Your spell library contained the following spells:

 Spells                   Type           Power        Failure   Level
 Magic Dart               Conj           ####         1%          1
 Ozocubu's Armour         Ice            #####...     1%          3
 Call Imp                 Summ           ###.....     3%          2
 Conjure Flame            Conj/Fire      ###.....     9%          3
 Slow                     Hex            #.......     17%         2
 Blink                    Tloc           Unusable     N/A         2

Dungeon Overview and Level Annotations

Branches:
Dungeon (11/15)            Temple (0/1) D:4            Lair (0/6) D:10
    Orc (0/2) D:11        Gauntlet (1/1)

Altars:
Ashenzari
Elyvilon
Gozag
Hepliaklqana
Kikubaaqudgha
Okawaru
Ru
Sif Muna
Uskayaw
Xom
Yredelemnul
The Shining One

Shops:
D:10 *   D:11 =

Annotations:
Gauntlet 11 transporters, 2 runed translucent doors


Innate Abilities, Weirdness & Mutations

You cannot be hasted, slowed, berserked, paralysed or teleported.
You can dig through walls and to a lower floor.
Your four strong arms can wield two-handed weapons with a shield.
You have a pair of large antennae on your head. (SInv)


Message History

The entropy weaver hits your spectral weapon!
Your spectral weapon shares its damage with you!
* * * LOW HITPOINT WARNING * * *
Really quaff
W - a potion of heal wounds {!q}?
You feel much better.
You feel sick.
The wall freezes the entropy weaver.
The wall freezes the entropy weaver!
The entropy weaver misses you. The entropy weaver hits you!
* * * LOW HITPOINT WARNING * * *
The entropy weaver hits you.
* * * LOW HITPOINT WARNING * * *
The entropy weaver hits you.
* * * LOW HITPOINT WARNING * * *
You feel better.
The wall freezes the jumping spider.
The wall freezes the entropy weaver but do no damage.
The entropy weaver hits you.
* * * LOW HITPOINT WARNING * * *
The entropy weaver hits you!
* * * LOW HITPOINT WARNING * * *
The entropy weaver hits you!
You die...

########
§#§#≈#≈################
.§§....§#§#≈#≈#≈#≈#≈#≈##
.8....................≈#
........8.....8.....8.##
#######...............§#
.§.©..#...#########...##
≈≈.≈≈≈#...#?(#sB@.#...≈#
§.≈≈..#####".#†##.#...##
§≈§...#...###'.##.#...≈#
≈..≈§.#©8©#©.'...©#©8.##
≈≈§≈§§#...###†#####...≈#
..≈..≈#####.......#...##
≈..≈≈.#...#.......#...≈#
.9≈...#...#########...##
#######...............≈#


You could see an entropy weaver and a jumping spider.

Vanquished Creatures
  Harold (D:8)
  A two-headed ogre (D:10)
  2 unseen horrors (D:6)
  A wolf spider (Gauntlet)
  2 ugly things
  A gargoyle (D:11)
  A komodo dragon (D:10)
  A redback (Gauntlet)
  2 wyverns
  2 wraiths
  A basilisk (D:11)
  6 yaks (D:9)
  4 vampire mosquitoes (D:9)
  A water moccasin (D:9)
  A black bear (D:9)
  2 orc warriors
  3 ice beasts
  3 phantoms
  2 necrophages
  A hornet zombie (D:8)
  An eye of draining (D:7)
  2 ogres
  4 centaurs
  4 bullfrogs
  3 scorpions
  9 wights
  12 killer bees
  A howler monkey (D:2)
  A centaur zombie (D:10)
  A quasit (D:6)
  2 orc priests
  2 hounds
  3 jellies
  2 bullfrog skeletons
  7 orc wizards
  A centaur skeleton (D:7)
  2 iguanas
  11 worker ants
  A killer bee zombie (D:8)
  A hound zombie (D:6)
  A hound skeleton (D:6)
  A worker ant zombie (D:11)
  A howler monkey skeleton (D:9)
  4 gnolls (D:2)
  6 adders
  6 white imps
  An ufetubus (D:7)
  4 oozes
  An adder zombie (D:6)
  2 adder skeletons
  3 worms
  4 dart slugs
  11 leopard geckos
  27 orcs
  9 bats
  17 giant cockroaches
  7 goblins
  7 hobgoblins
  5 jackals
  4 quokkas
  7 frilled lizards
  9 kobolds
  A quokka skeleton (D:9)
  7 rats
253 creatures vanquished.

Vanquished Creatures (others)
  A leopard gecko (D:1)
  10 plants
11 creatures vanquished.

Grand Total: 264 creatures vanquished

Notes
Turn   | Place    | Note
-------+----------+-------------------------------------------
     0 | D:1      | Ge0ff the Formicid Ice Elementalist began the quest for the
                  | Orb.
     0 | D:1      | Reached XP level 1. HP: 13/13 MP: 3/3
   129 | D:1      | Reached skill level 1 in Fighting
   129 | D:1      | Reached XP level 2. HP: 7/21 MP: 0/5
   583 | D:1      | Reached XP level 3. HP: 23/26 MP: 3/6
   767 | D:1      | Learned a level 3 spell: Frozen Ramparts
  1107 | D:1      | Reached skill level 5 in Ice Magic
  1574 | D:2      | Found a white marble altar of Elyvilon.
  1605 | D:2      | You fall into a shaft and drop 1 floor!
  1659 | D:3      | Reached XP level 4. HP: 25/32 MP: 0/7
  2060 | D:2      | Found a basalt altar of Yredelemnul.
  2204 | D:2      | Reached XP level 5. HP: 37/37 MP: 4/9
  2294 | D:2      | Found an iron altar of Okawaru.
  2681 | D:2      | Learned a level 4 spell: Hailstorm
  2861 | D:2      | Reached skill level 6 in Ice Magic
  3284 | D:3      | Reached XP level 6. HP: 39/43 MP: 6/10
  3660 | D:3      | Found a shimmering blue altar of Sif Muna.
  3776 | D:3      | Became a worshipper of Sif Muna the Loreminder
  3941 | D:4      | Found an opulent altar of Gozag.
  4307 | D:4      | Found a staircase to the Ecumenical Temple.
  4540 | D:4      | Reached skill level 1 in Conjurations
  4649 | D:4      | Found an ancient bone altar of Kikubaaqudgha.
  4722 | D:5      | Entered Level 5 of the Dungeon
  5098 | D:5      | Found a sacrificial altar of Ru.
  5247 | D:5      | Reached XP level 7. HP: 50/50 MP: 7/12
  5958 | D:5      | Reached skill level 1 in Polearms
  6201 | D:5      | Reached * piety under Sif Muna
  6288 | D:5      | Reached XP level 8. HP: 57/58 MP: 11/14
  6333 | D:5      | Found a broken altar of Ashenzari.
  6351 | D:5      | Reached skill level 7 in Ice Magic
  6399 | D:5      | Found a glowing golden altar of the Shining One.
  6716 | D:6      | Reached skill level 1 in Shields
  7804 | D:6      | Reached skill level 1 in Evocations
  7983 | D:6      | Noticed an unseen horror
  7983 | D:6      | Noticed an unseen horror
  7983 | D:6      | Noticed a purple ugly thing
  7983 | D:6      | Noticed a wraith
  7990 | D:6      | Killed a purple ugly thing
  7990 | D:6      | Killed an unseen horror
  7991 | D:6      | Reached skill level 5 in Spellcasting
  7991 | D:6      | Reached skill level 8 in Ice Magic
  7991 | D:6      | Reached XP level 9. HP: 58/63 MP: 6/16
  8000 | D:6      | Killed an unseen horror
  8001 | D:6      | Reached XP level 10. HP: 50/70 MP: 3/17
  8004 | D:6      | Reached skill level 9 in Ice Magic
  8397 | D:6      | Learned a level 4 spell: Summon Ice Beast
  8937 | D:7      | Reached skill level 1 in Invocations
  9190 | D:7      | Reached skill level 1 in Throwing
  9215 | D:7      | Reached skill level 1 in Staves
  9241 | D:7      | Reached skill level 1 in Summonings
  9801 | D:7      | Got a bound silver ring
  9803 | D:7      | Identified the ring "Rymn" {Fire Dex+6} (You found it on
                  | level 7 of the Dungeon)
  9960 | D:8      | Reached ** piety under Sif Muna
 10109 | D:8      | Noticed Harold
 10124 | D:8      | Killed Harold
 10618 | D:6      | Reached XP level 11. HP: 61/75 MP: 19/19
 10842 | D:8      | Found a hide-covered altar of Uskayaw.
 11203 | D:9      | Got a scorched flail
 11212 | D:9      | Identified the +5 flail "Getieb" {vorpal, rF+} (You found
                  | it on level 9 of the Dungeon)
 11473 | D:9      | Found a hazy altar of Hepliaklqana.
 11474 | D:9      | Found a shimmering altar of Xom.
 11866 | D:9      | Reached skill level 5 in Evocations
 12368 | D:9      | Found a shimmering blue altar of Sif Muna.
 12395 | D:10     | Entered Level 10 of the Dungeon
 12408 | D:10     | Found Zaqe's General Store.
 12414 | D:10     | Bought a potion of lignification for 45 gold pieces
 12414 | D:10     | Bought a potion of flight for 45 gold pieces
 12499 | D:10     | Reached *** piety under Sif Muna
 12754 | D:10     | Noticed a two-headed ogre
 12778 | D:10     | Killed a two-headed ogre
 12779 | D:10     | Reached skill level 5 in Staves
 12779 | D:10     | Reached skill level 10 in Ice Magic
 13120 | D:10     | Found a staircase to the Lair.
 13124 | D:10     | Reached skill level 1 in Armour
 13775 | D:11     | Noticed a cyan ugly thing
 13786 | D:11     | Killed a cyan ugly thing
 13900 | D:11     | Found Quxued's Jewellery Emporium.
 13963 | D:11     | Found a gate leading to a gauntlet.
 13983 | Gauntlet | Entered a Gauntlet
 13983 | Gauntlet | Found a transporter.
 13984 | Gauntlet | Noticed a death scarab
 13987 | Gauntlet | Noticed a wolf spider
 13995 | Gauntlet | Noticed a death scarab
 14002 | Gauntlet | Noticed an entropy weaver
 14057 | Gauntlet | Found a runed translucent gate.
 14058 | Gauntlet | Found a transporter.
 14058 | Gauntlet | Found a runed translucent gate.
 14059 | Gauntlet | Found a runed translucent gate.
 14070 | Gauntlet | Found a transporter.
 14074 | Gauntlet | Found a transporter.
 14079 | Gauntlet | Noticed a catoblepas
 14086 | Gauntlet | Found a transporter.
 14105 | Gauntlet | Found a runed translucent door.
 14106 | Gauntlet | Found a transporter.
 14109 | Gauntlet | Found a transporter.
 14113 | Gauntlet | Found a transporter.
 14114 | Gauntlet | Found a runed translucent door.
 14115 | Gauntlet | Noticed a death ooze
 14132 | Gauntlet | Found a transporter.
 14135 | Gauntlet | Noticed a five-headed hydra
 14141 | Gauntlet | Found a transporter.
 14142 | Gauntlet | Found a transporter.
 14147 | Gauntlet | Noticed a wretched star
 14151 | Gauntlet | Found a transporter.
 14232 | Gauntlet | Learned a level 3 spell: Mephitic Cloud
 14265 | Gauntlet | Killed a wolf spider
 14266 | Gauntlet | Reached skill level 1 in Poison Magic
 14273 | Gauntlet | Mangled by an entropy weaver

Illustrated notes

Levels and vault maps discovered:
D:1:      matt_arrival_spirals, layout_basic, serial_bayou, serial_bayou_ford_a,
          serial_bayou_lake_a, serial_bayou_crossing, serial_bayou_shore_b,
          lemuel_old_faithful
D:2:      minmay_roachtagon, layout_basic, yredelemnul_altar_generic,
          lemuel_doored_altar, lemuel_coloured_pillars_altar, corner_web_ring,
          columned_hall_lemuel, patterned_corridor
D:3:      layout_rooms, old_standard_altar
D:4:      layout_cave_pools, nicolae_gozag_cash_rules_everything_around_me,
          kiku_gazebo_pond_becter, minmay_temple_entry_from_below_a
D:5:      layout_basic, chequers_temple_overflow_statue_of_worship,
          evilmike_ruin_ashenzari, hangedman_abyss_or_decor_stagger
D:6:      minmay_klotski, layout_basic
D:7:      layout_gridville
D:8:      layout_rooms, general_overflow_altar, st_stairs_7, uniq_harold
D:9:      layout_irregular_city, regret_index_temple_of_mockery,
          lemuel_blue_sif_altar
D:10:     layout_stronghold, david_lair_shrubbed, serial_shops,
          nicolae_shop_stone
D:11:     layout_basic, david_orc_2, serial_shops, shop_statue,
          gauntlet_entry_generic
Gauntlet: minmay_gauntlet_mixed_oops_all_seconds
          [minmay_gauntlet_arena_77_run_for_it,
          gammafunk_gauntlet_arena_split_diamond,
          minmay_gauntlet_arena_77_tiled_triplets,
          nicolae_gauntlet_arena_flowing_pool, minmay_gauntlet_arena_77_cramped,
          nicolae_gauntlet_arena_quarters, gauntlet_exit_green]

Skill      XL: |  1  2  3  4  5  6  7  8  9 10 11 |
---------------+----------------------------------+-----
Fighting       | 1 2 3 |  3.5
Ice Magic      | 5 6 8 9 10 | 10.1
Spellcasting   | 3 4 5 6 |  6.4
Dodging        | 2 3 |  3.3
Stealth        | 3 |  3.0
Conjurations   | 1 2 6 7 |  7.0
Polearms       | 1 |  1.0
Shields        | 2 |  2.4
Evocations     | 3 4 5 |  5.4
Invocations    | 2 4 |  4.7
Throwing       | 2 3 |  3.8
Staves         | 3 5 |  5.4
Summonings     | 2 3 |  3.8
Armour         | 1 |  1.8
Poison Magic   | 1 |  1.0
Air Magic      | |  0.1

Action                   |  1- 3 |  4- 6 |  7- 9 | 10-12 || total
-------------------------+-------+-------+-------+-------++-------
Melee: Spear             |     7 |    96 |   113 |     9 ||   225
       Whip              |     1 |       |       |       ||     1
       Unarmed           |       |     6 |       |       ||     6
       Quarterstaff      |       |       |    27 |   151 ||   178
Throw: Boomerang         |    46 |    25 |    66 |   102 ||   239
       Dart              |       |     5 |       |       ||     5
 Cast: Freeze            |    24 |     4 |     4 |       ||    32
       Frozen Ramparts   |     6 |    35 |    25 |    48 ||   114
       Hailstorm         |       |     1 |     5 |     7 ||    13
       Summon Ice Beast  |       |       |       |     9 ||     9
 Abil: Dig               |       |       |     3 |     5 ||     8
Evoke: Wand              |       |       |       |     1 ||     1
  Use: Scroll            |       |    10 |     3 |    12 ||    25
       Potion            |       |     6 |     3 |     7 ||    16
 Stab: Sleeping          |     1 |     1 |       |       ||     2
       Distracted        |       |       |       |     1 ||     1
Armor: Robe              |     5 |    12 |    20 |    19 ||    56
       Skin              |       |     5 |    35 |     7 ||    47
Dodge: Dodged            |    15 |    51 |    66 |   126 ||   258
Block: Buckler           |       |       |    10 |    50 ||    60

Table legend: (Time is in decaauts)
 A = Elapsed time spent in this place.
 B = Non-inter-level travel time spent in this place.
 C = Inter-level travel time spent in this place.
 D = Time resting spent in this place.
 E = Time spent auto-exploring this place.
 F = Levels seen in this place.
 G = Mean time per level.
                   A        B        C        D        E       F      G
               +--------+--------+--------+--------+--------+-----+--------+
         Total |  14413 |  13671 |    742 |    826 |  10209 |  12 | 1201.1 |
       Dungeon |  14123 |  13381 |    742 |    826 |   9975 |  11 | 1283.9 |
      Gauntlet |    289 |    289 |      0 |      0 |    234 |   1 |  289.0 |
               +--------+--------+--------+--------+--------+-----+--------+

Top non-repeatable levels by time:
     D:6: 2452 daAuts
     D:5: 1981 daAuts
     D:1: 1580 daAuts
     D:9: 1464 daAuts
    D:10: 1345 daAuts
     D:2: 1307 daAuts
     D:7: 1072 daAuts
     D:3: 1030 daAuts
     D:4: 892 daAuts
     D:8: 758 daAuts
Gauntlet: 289 daAuts
    D:11: 237 daAuts
